 Dungeon Crawl Stone Soup version 0.27-a0-1202-ge72e49191c (webtiles) character file.

Game seed: 18328031087533404996

11667 lightspider the Protected (level 11, -1/102 HPs)
             Began as a Minotaur Berserker on June 3, 2021.
             Was a High Priest of Trog.
             Slain by a boulder beetle (31 damage)
             ... on level 11 of the Dungeon.
             The game lasted 00:31:07 (11830 turns).

lightspider the Protected (Minotaur Berserker)     Turns: 11830, Time: 00:31:07

Health: -1/102     AC: 22    Str: 26    XL:     11   Next: 52%
Magic:  10/10      EV: 25    Int:  4    God:    Trog [*****.]
Gold:   802        SH:  0    Dex:  9    Spells: 10/10 levels left

rFire    . . .     SeeInvis .   P - +3 battleaxe
rCold    . . .     Faith    .   (shield currently unavailable)
rNeg     . . .     Spirit   .   z - +0 plate armour
rPois    .         Reflect  .   (helmet restricted)
rElec    .         Harm     .   p - +2 cloak
rCorr    .         Rampage  .   m - +0 pair of gloves
Will     +....                  (no boots)
Stlth    ..........             k - amulet of the acrobat
HPRegen  0.27/turn              d - +4 ring of slaying
MPRegen  0.12/turn              l - ring of willpower

@: on berserk cooldown, acrobatic, hasted and slowed, studying Armour
A: horns 2, retaliatory headbutt
a: Renounce Religion, Berserk, Trog's Hand, Brothers in Arms


You were on level 11 of the Dungeon.
You worshipped Trog.
Trog was extremely pleased with you.
You visited 1 branch of the dungeon, and saw 11 of its levels.

You collected 877 gold pieces.
You spent 75 gold pieces at shops.

Inventory:

Hand Weapons
 H - a +0 battleaxe
 P - a +3 battleaxe (weapon)
Missiles
 E - 3 curare-tipped darts
 J - a throwing net
Armour
 b - a +0 animal skin
 c - a +0 leather armour
 h - a scarf of repulsion
 m - a +0 pair of gloves (worn)
 p - a +2 cloak (worn)
 q - a +0 scale mail
 v - +1 steam dragon scales
 z - a +0 plate armour (worn)
 O - a scarf of harm
Jewellery
 d - a +4 ring of slaying (left hand)
 k - an amulet of the acrobat (around neck)
 l - a ring of willpower (right hand)
 u - a ring of poison resistance
 I - a ring of ice
 L - a ring of positive energy
Wands
 r - a wand of charming (6)
 s - a wand of paralysis (7)
 x - a wand of digging (4)
 G - a wand of acid (19)
 M - a wand of iceblast (13)
Scrolls
 e - 3 scrolls of identify
 j - a scroll of amnesia
 t - a scroll of fog
 y - 4 scrolls of teleportation
 C - a scroll of magic mapping
 K - 2 scrolls of fear
Potions
 a - 2 potions of lignification
 f - 4 potions of flight
 g - 2 potions of haste
 i - 2 potions of attraction
 n - 3 potions of curing
 w - a potion of magic
 A - a potion of brilliance
 B - 2 potions of cancellation
 F - a potion of mutation
 N - a potion of degeneration
Miscellaneous
 o - a piece from Xom's chessboard (15/15)


   Skills:
 + Level 11.5 Fighting
 + Level 11.4 Axes
 + Level 14.8 Armour
 + Level 10.3 Dodging


You had 10 spell levels left.
You didn't know any spells.
Your spell library was empty.

Dungeon Overview and Level Annotations

Branches:
Dungeon (11/15)            Temple (0/1) D:6            Lair (0/6) D:10
    Orc: D:9-12

Altars:
Ashenzari
Dithmenos
Elyvilon
Makhleb
Ru
Xom
Zin
The Shining One

Shops:
D:3 [?:*=   D:4 :   D:9 *

Annotations:
D:10 exclusion: 2 oklob plants


Innate Abilities, Weirdness & Mutations

You have a pair of horns on your head.
You reflexively headbutt those who attack you in melee.


Message History

You miss the killer bee.
The killer bee is almost dead.
Your skin stops crawling.
You feel less strong-willed.
You feel sick. The killer bee closely misses you.
The boulder beetle leaps!
The killer bee closely misses you. You furiously retaliate!
You headbutt the killer bee.
You kill the killer bee!
Trog accepts your kill.
You feel sick. The kobold completely misses you. You furiously retaliate!
You headbutt the kobold!
You kill the kobold!
Trog accepts your kill.
Items here: ( ))))))) [ †††††††††††.
You barely miss the kobold brigand.
Your plate armour prevents you from hitting the kobold.
You are no longer berserk.
You are exhausted.
You feel yourself slow down.
You feel sick.
You closely miss the kobold brigand. You barely miss the kobold.
You feel sick.
The kobold brigand hits you but does no damage.
The kobold hits you but does no damage. x2
The kobold brigand hits you but does no damage.
The kobold hits you but does no damage.
You barely miss the kobold brigand.
Your headbutt misses the kobold brigand.
You hit the kobold.
You kill the kobold!
Trog accepts your kill.
You feel sick.
You are no longer poisoned.
You feel yourself speed up.
You are no longer corroded.
The kobold barely misses you.
The boulder beetle bites you but does no damage.
The boulder beetle curls into a ball and begins rolling!
The boulder beetle barely misses you.
The boulder beetle stops rolling and uncurls.
The boulder beetle curls into a ball and begins rolling!
The boulder beetle hits you!!
You die...

#....# #.#.#8###8#
##....#####.#........
)....................
.....................
##..........#.#8###8#
#.....######.# # ###
#.....######.######....
###.#........##........
#.###########@.......
#.))..KK.°°○B........
#.)##########........
#..# #####.... ....#
... ...... .. ........
. ......... .....#####


You could see a boulder beetle (rolling), a kobold brigand and a kobold.

Vanquished Creatures
  Harold (D:9)
  2 two-headed ogres
  Joseph (D:8)
  Maggie (D:6)
  Psyche (D:8)
  A kobold demonologist (D:11)
  A troll (D:9)
  Sigmund (D:6)
  A vampire (D:9)
  Eustachio (D:6)
  17 yaks
  Menkaure (D:6)
  Edmund (D:4)
  2 water moccasins
  2 acid dragons
  Duvessa (D:4)
  A sky beast (D:8)
  3 orc warriors
  A hornet zombie (D:3)
  A necrophage (D:5)
  An ogre (D:5)
  3 centaurs
  2 phantoms
  3 kobold brigands
  7 bullfrogs
  Dowan (D:4)
  2 wyvern zombies
  A water moccasin skeleton (D:7)
  18 killer bees
  13 wights
  7 howler monkeys
  An electric eel (D:7)
  3 centaur zombies
  A bullfrog zombie (D:5)
  A gnoll shaman (D:7)
  4 hounds
  4 jellies
  2 orc priests
  Crazy Yiuf (D:3)
  3 centaur skeletons
  4 iguanas
  Ijyb (D:4)
  6 orc wizards
  2 hound skeletons (D:4)
  A howler monkey zombie (D:10)
  A howler monkey skeleton (D:5)
  11 gnolls
  7 adders
  A white imp (D:6)
  An ufetubus (D:4)
  An adder skeleton (D:4)
  2 worms (D:2)
  A dart slug (D:5)
  24 orcs
  10 ball pythons
  6 bats
  4 endoplasms
  A giant cockroach (D:4)
  5 goblins
  11 hobgoblins
  10 jackals (D:1)
  6 quokkas
  5 frilled lizards
  14 kobolds
  4 rats
258 creatures vanquished.

Vanquished Creatures (others)
  16 plants
16 creatures vanquished.

Grand Total: 274 creatures vanquished

Notes
Turn   | Place    | Note
-------+----------+-------------------------------------------
     0 | D:1      | lightspider the Minotaur Berserker began the quest for the
                  | Orb.
     0 | D:1      | Reached XP level 1. HP: 19/19 MP: 0/0
    69 | D:1      | Found a faded altar of an unknown god.
   124 | D:1      | Reached XP level 2. HP: 25/27 MP: 1/1
   478 | D:1      | Reached skill level 3 in Armour
   539 | D:1      | Reached XP level 3. HP: 28/33 MP: 2/2
   616 | D:1      | Reached ** piety under Trog
  1301 | D:2      | Found a burning altar of Makhleb.
  1371 | D:2      | Identified a scroll of acquirement
  1371 | D:2      | Acquired a manual of Armour
  1611 | D:2      | Reached XP level 4. HP: 41/41 MP: 3/3
  1973 | D:3      | Found a shadowy altar of Dithmenos.
  1975 | D:3      | Reached skill level 4 in Armour
  2071 | D:3      | Found a sacrificial altar of Ru.
  2107 | D:3      | Reached XP level 5. HP: 47/47 MP: 4/4
  2317 | D:3      | Reached skill level 5 in Fighting
  2317 | D:3      | Reached skill level 5 in Axes
  2317 | D:3      | Reached skill level 5 in Armour
  2317 | D:3      | Found Culoq's General Store.
  2328 | D:3      | Bought a +0 pair of gloves for 45 gold pieces
  2328 | D:3      | Bought a potion of curing for 30 gold pieces
  2377 | D:3      | Found a shimmering altar of Xom.
  2513 | D:3      | Found Beurougi's Armour Shop.
  2526 | D:3      | Found Iwna Juu's Book Shoppe.
  2534 | D:3      | Found Vualycw's Magic Scroll Boutique.
  2717 | D:3      | Found Devefu's Jewellery Emporium.
  3001 | D:3      | Found a runed translucent door.
  3002 | D:3      | Noticed Crazy Yiuf
  3009 | D:3      | Killed Crazy Yiuf
  3303 | D:4      | Reached XP level 6. HP: 56/56 MP: 5/5
  3323 | D:4      | Found Xoerimor's Book Emporium.
  3341 | D:4      | Reached *** piety under Trog
  3413 | D:4      | Noticed Edmund
  3423 | D:4      | Killed Edmund
  3483 | D:4      | Reached skill level 6 in Armour
  3606 | D:4      | Reached XP level 7. HP: 54/62 MP: 6/6
  3865 | D:4      | Noticed Dowan
  3866 | D:4      | Noticed Ijyb
  3866 | D:4      | Noticed Duvessa
  3886 | D:4      | Killed Duvessa
  3891 | D:4      | Killed Ijyb
  3896 | D:4      | Killed Dowan
  3897 | D:4      | Reached skill level 7 in Armour
  3897 | D:4      | Reached skill level 5 in Dodging
  4081 | D:4      | Found a broken altar of Ashenzari.
  4174 | D:5      | Entered Level 5 of the Dungeon
  4399 | D:5      | Reached skill level 8 in Armour
  4399 | D:5      | Reached XP level 8. HP: 63/71 MP: 7/7
  5059 | D:6      | Noticed Sigmund
  5069 | D:6      | Killed Sigmund
  5070 | D:6      | Reached skill level 9 in Armour
  5290 | D:6      | Noticed Maggie
  5298 | D:6      | Killed Maggie
  5412 | D:6      | Reached XP level 9. HP: 81/81 MP: 8/8
  5469 | D:6      | Reached skill level 10 in Armour
  5879 | D:6      | Noticed Eustachio
  5909 | D:6      | Killed Eustachio
  5909 | D:6      | Reached **** piety under Trog
  6145 | D:6      | Noticed Menkaure
  6152 | D:6      | Killed Menkaure
  6199 | D:6      | Found a staircase to the Ecumenical Temple.
  6791 | D:7      | Reached skill level 11 in Armour
  7644 | D:7      | Found a white marble altar of Elyvilon.
  8185 | D:8      | Noticed Joseph
  8195 | D:8      | Killed Joseph
  8196 | D:8      | Reached skill level 12 in Armour
  8196 | D:8      | Reached XP level 10. HP: 91/91 MP: 9/9
  8779 | D:8      | Noticed Psyche
  8786 | D:8      | Killed Psyche
  9362 | D:9      | Found a glowing silver altar of Zin.
  9371 | D:9      | Reached skill level 10 in Fighting
  9385 | D:9      | Found Ucluviag's Lightly-Used Armoury.
  9392 | D:9      | Reached skill level 10 in Axes
  9658 | D:9      | Noticed Harold
  9674 | D:9      | Killed Harold
  9675 | D:9      | Reached skill level 13 in Armour
 10300 | D:10     | Entered Level 10 of the Dungeon
 10348 | D:10     | Noticed a two-headed ogre
 10355 | D:10     | Killed a two-headed ogre
 10580 | D:10     | Noticed an oklob plant
 10581 | D:10     | Found a staircase to the Lair.
 10596 | D:10     | Noticed an oklob plant
 10713 | D:10     | Found a glowing golden altar of the Shining One.
 10750 | D:10     | Reached XP level 11. HP: 101/101 MP: 10/10
 10759 | D:10     | Reached ***** piety under Trog
 10904 | D:10     | Reached skill level 14 in Armour
 11494 | D:11     | Noticed a brown ugly thing
 11494 | D:11     | Noticed a boulder beetle
 11494 | D:11     | Noticed a five-headed hydra
 11751 | D:11     | Reached skill level 10 in Dodging
 11772 | D:11     | Noticed a two-headed ogre
 11808 | D:11     | Killed a two-headed ogre
 11830 | D:11     | Slain by a boulder beetle

Illustrated notes

Levels and vault maps discovered:
D:1:      dpeg_arrival_long_road, layout_loops_ring,
          shapermc_ecumenical_altar_gd
D:2:      layout_rooms, basic_altar
D:3:      layout_basic, nicolae_ru_the_path_less_chosen,
          nicolae_dithmenos_the_darkroom, xom_butterflies, serial_shops,
          shop_fountains, nicolae_shop_stone, shop, shop, shop,
          uniq_crazy_yiuf_cottage
D:4:      layout_basic, lemuel_coloured_pillars_altar, serial_shops,
          nicolae_shop_trees, uniq_ijyb, uniq_edmund, uniq_duvessa
D:5:      layout_cave_pools, serial_bayou_ford_a
D:6:      layout_layer_cave, temple_pool_b, uniq_menkaure, uniq_eustachio,
          uniq_sigmund, uniq_maggie
D:7:      layout_loops_ring, nicolae_elyvilon_temple_path, item_on_display_b
D:8:      layout_loops_ring, hangedman_abyss_or_decor_clamps,
          grunt_ministairs_4, hangedman_decor_slide_cut,
          amcnicky_mini_corridor_feature, uniq_joseph, uniq_psyche
D:9:      layout_loops_ring, general_overflow_altar, minmay_shop_damaged,
          uniq_harold
D:10:     layout_basic, amcnicky_altar_gilded, dpeg_oklobed_lair
D:11:     layout_basic, serial_corexii_hall, corexii_hall_statues_u,
          corexii_hall_statues_l, minmay_joined_circles, uniq_urug

Skill      XL: |  1  2  3  4  5  6  7  8  9 10 11 |
---------------+----------------------------------+-----
Fighting       | 4 5 6 7 9 10 11 | 11.5
Axes           | 4 5 6 7 9 10 11 | 11.4
Armour         | 3 4 5 6 8 9 12 13 14 | 14.8
Dodging        | 3 4 5 6 8 9 10 | 10.3

Action                   |  1- 3 |  4- 6 |  7- 9 | 10-12 || total
-------------------------+-------+-------+-------+-------++-------
Melee: Hand axe          |    89 |    85 |   185 |       ||   359
       Headbutt          |    10 |    13 |    52 |    38 ||   113
       Battleaxe         |       |       |    32 |   231 ||   263
Invok: Berserk           |     1 |     4 |     7 |     6 ||    18
       Trog's Hand       |       |     1 |     1 |     1 ||     3
Evoke: Wand              |       |       |     4 |       ||     4
  Use: Scroll            |     4 |       |    14 |     3 ||    21
       Potion            |       |       |       |     2 ||     2
 Stab: Paralysed         |       |       |     3 |       ||     3
Armor: Leather armour    |    21 |    14 |       |       ||    35
       Scale mail        |       |     8 |    34 |       ||    42
       Plate armour      |       |       |    40 |   149 ||   189
       Steam dragon scal |       |       |    10 |       ||    10
Dodge: Dodged            |    52 |    51 |   117 |   132 ||   352

Table legend: (Time is in decaauts)
 A = Elapsed time spent in this place.
 B = Non-inter-level travel time spent in this place.
 C = Inter-level travel time spent in this place.
 D = Time resting spent in this place.
 E = Time spent auto-exploring this place.
 F = Levels seen in this place.
 G = Mean time per level.
                   A        B        C        D        E       F      G
               +--------+--------+--------+--------+--------+-----+--------+
         Total |  12038 |  11783 |    255 |   1814 |   7763 |  11 | 1094.4 |
       Dungeon |  12038 |  11783 |    255 |   1814 |   7763 |  11 | 1094.4 |
               +--------+--------+--------+--------+--------+-----+--------+

Top non-repeatable levels by time:
     D:6: 1787 daAuts
     D:3: 1356 daAuts
     D:7: 1300 daAuts
     D:1: 1245 daAuts
    D:10: 1239 daAuts
     D:9: 1186 daAuts
     D:8: 1123 daAuts
     D:4: 901 daAuts
     D:5: 834 daAuts
     D:2: 726 daAuts
    D:11: 337 daAuts
